Map: Orbital Shipyard

Players

Nightmare - Winner!

  • Race: Zerg Zerg
  • League: Master

Daimai

  • Race: Protoss Protoss
  • League: Master

VOD

Have the link to the VOD?

Description

Time

  • Played on: Feb. 13, 2016, 6:11 p.m.
  • Length: 13:33
Show
View Real Time Build Order
Export as new Build Order

Nightmare Zerg - Winner!

Build Orders: 3 Hatch before Pool, Lurkers 

Get SALT Encoding   

  12  0:01  Drone  
  13  0:12  Overlord  
  13  0:18  Drone  
  14  0:30  Drone x2  
  14  0:34  Drone  
  17  0:52  Hatchery  
  17  0:55  Drone  
  17  1:00  Drone  
  18  1:18  Hatchery  
  17  1:21  Drone  
  18  1:26  Drone  
  19  1:40  Spawning Pool  
  19  1:42  Drone  
  19  1:50  Drone x2  
  21  1:58  Extractor  
  20  2:02  Overlord  
  20  2:11  Drone x2  
  22  2:22  Drone x2  
  24  2:28  Queen x2  
  28  2:31  Zergling x2  
  28  2:35  Drone  
  28  2:36  Drone  
  31  2:44  Overlord  
  31  2:46  Drone x2  
  33  2:56  Queen  
  35  3:00  Metabolic Boost  
  35  3:05  Drone x2  
  37  3:15  Drone x2  
  37  3:17  Queen  
  37  3:18  Drone x2  
  43  3:21  Overlord  
  43  3:26  Drone x2  
  45  3:28  Drone  
  45  3:29  Drone  
  47  3:34  Drone x2  
  49  3:41  Drone  
  49  3:42  Drone x2  
  52  3:53  Drone x2  
  52  3:54  Drone x3  
  57  3:56  Overlord  
  57  4:02  Overlord  
  57  4:03  Extractor, Roach Warren  
  57  4:04  Extractor  
  57  4:09  Zergling x2  
  55  4:17  Drone  
  55  4:18  Drone x9  
  55  4:19  Lair  
  65  4:29  Spore Crawler  
  60  4:38  Overlord, Spore Crawler  
  60  4:45  Queen  
  60  4:49  Overlord x3  
  60  4:53  Drone x3  
  60  4:54  Drone x3  
  60  4:55  Evolution Chamber x2, Drone  
  60  4:56  Drone  
  60  4:57  Drone  
  60  4:58  Spore Crawler  
  66  5:07  Overlord x2  
  66  5:09  Drone  
  66  5:10  Drone  
  66  5:14  Extractor x2  
  67  5:20  Drone  
  67  5:22  Glial Reconstitution  
  67  5:24  Zerg Missile Weapons Level 1, Zerg Ground Armor Level 1  
  67  5:29  Hydralisk Den  
  67  5:32  Drone  
  67  5:33  Drone x8, Extractor  
  74  5:47  Overlord  
  74  5:49  Drone x2  
  74  5:55  Drone x2  
  75  5:58  Drone x3  
  75  6:00  Overlord x3  
  75  6:02  Muscular Augments  
  78  6:06  Hydralisk x4  
  86  6:14  Hydralisk x2  
  88  6:25  Hydralisk x6  
  98  6:36  Drone x3  
  98  6:38  Hydralisk x3  
  107  6:46  Overlord  
  107  6:47  Overlord x2  
  107  6:52  Roach x3  
  113  6:57  Hatchery  
  112  7:05  Roach x5  
  121  7:16  Overlord x3  
  121  7:22  Zerg Missile Weapons Level 2, Lurker Den, Zerg Ground Armor Level 2  
  121  7:25  Drone  
  121  7:27  Overlord  
  121  7:28  Overlord x2  
  121  7:40  Roach  
  121  7:41  Roach x9  
  141  7:49  Hatchery  
  140  7:56  Ravager x3  
  143  8:05  Roach x7  
  157  8:08  Overlord x2  
  157  8:19  Roach x9  
  174  8:31  Drone x2  
  176  8:35  Infestation Pit  
  176  8:36  Drone  
  176  8:39  Extractor  
  175  8:45  Drone x3  
  178  8:52  Overseer x2  
  178  8:55  Overlord  
  178  9:02  Spore Crawler  
  177  9:03  Drone x3  
  180  9:14  Lurker x3  
  180  9:15  Lurker x3  
  186  9:19  Zergling x2  
  186  9:20  Zergling x14  
  186  9:22  Roach x2  
  198  9:24  Ravager  
  198  9:30  Extractor  
  198  9:32  Spine Crawler  
  198  9:33  Spine Crawler  
  198  9:34  Spine Crawler  
  194  9:58  Ravager x2  
  194  9:59  Ravager x4  
  195  10:05  Lurker x2  
  195  10:06  Lurker x2  
  198  10:23  Drone  
  199  10:37  Overlord x3  
  191  10:58  Roach  
  191  10:59  Roach x3  
  199  11:06  Hive  
  199  11:07  Zerg Melee Weapons Level 1  
  199  11:10  Spire  
  198  11:19  Ravager  
  199  11:25  Hatchery  
  198  11:44  Overlord x3  
  190  11:48  Lurker x5  
  190  11:51  Hydralisk x2  
  135  12:24  Roach  
  135  12:25  Hydralisk x5, Roach x12  
  135  12:26  Hydralisk x2, Roach  
  135  12:27  Hydralisk x2, Roach x2  
  135  12:28  Roach x3  
  179  12:33  Hydralisk x11  
  198  12:37  Overseer x4  
  192  13:02  Overlord  
  178  13:16  Lurker x5  
Show
View Real Time Build Order
Export as new Build Order

Daimai Protoss 

Build Orders: 1 Gate Expand, Oracle Opening, Phoenix Opening 

Get SALT Encoding   

  12  0:00  Probe (Chrono Boost)  
  13  0:11  Probe (Chrono Boost)  
  14  0:21  Pylon  
  14  0:22  Probe (Chrono Boost)  
  15  0:39  Gateway, Probe (Chrono Boost)  
  16  0:45  Assimilator  
  16  0:49  Probe (Chrono Boost)  
  17  1:00  Probe (Chrono Boost)  
  18  1:10  Probe (Chrono Boost)  
  19  1:21  Probe (Chrono Boost)  
  20  1:27  Nexus  
  20  1:32  Probe (Chrono Boost)  
  21  1:35  Pylon  
  21  1:42  Probe (Chrono Boost)  
  21  1:45  Cybernetics Core  
  22  1:53  Probe (Chrono Boost), Assimilator  
  23  2:03  Probe (Chrono Boost)  
  24  2:14  Probe (Chrono Boost)  
  25  2:20  Gateway  
  25  2:23  Warp Gate (Chrono Boost)  
  25  2:24  Probe (Chrono Boost)  
  25  2:26  Pylon  
  26  2:32  Stargate  
  26  2:35  Probe (Chrono Boost)  
  27  2:40  Probe (Chrono Boost)  
  28  2:44  Adept  
  28  2:46  Probe (Chrono Boost)  
  28  2:50  Probe (Chrono Boost)  
  32  2:57  Mothership Core (Chrono Boost)  
  34  3:01  Probe (Chrono Boost)  
  35  3:09  Pylon  
  35  3:11  Probe (Chrono Boost)  
  36  3:15  Probe (Chrono Boost)  
  36  3:19  Oracle (Chrono Boost)  
  37  3:24  Probe  
  37  3:26  Probe  
  42  3:27  Assimilator  
  42  3:31  Assimilator  
  42  3:36  Probe  
  42  3:38  Probe  
  44  3:48  Probe  
  44  3:50  Probe  
  44  3:51  Phoenix  
  48  4:00  Nexus, Probe (Chrono Boost)  
  48  4:02  Pylon  
  50  4:03  Probe (Chrono Boost)  
  50  4:05  Pylon  
  50  4:12  Probe (Chrono Boost)  
  50  4:16  Probe (Chrono Boost), Phoenix  
  52  4:23  Probe (Chrono Boost)  
  55  4:28  Probe (Chrono Boost)  
  56  4:33  Probe (Chrono Boost)  
  57  4:38  Phoenix  
  57  4:40  Probe (Chrono Boost)  
  57  4:44  Probe (Chrono Boost)  
  61  4:47  Gateway  
  61  4:49  Gateway x2  
  62  4:53  Robotics Facility, Probe (Chrono Boost)  
  62  4:54  Probe (Chrono Boost)  
  63  5:00  Phoenix  
  63  5:05  Probe x2 (Chrono Boost)  
  67  5:11  Gateway  
  67  5:15  Probe x2 (Chrono Boost)  
  67  5:17  Sentry x2, Probe (Chrono Boost), Pylon  
  74  5:25  Probe (Chrono Boost), Phoenix  
  74  5:26  Probe (Chrono Boost)  
  74  5:28  Pylon  
  77  5:29  Probe (Chrono Boost)  
  79  5:37  Twilight Council  
  79  5:38  Forge  
  79  5:45  Probe (Chrono Boost)  
  79  5:46  Probe x2 (Chrono Boost)  
  79  5:49  Phoenix  
  82  5:54  Zealot x4  
  82  5:56  Observer, Probe (Chrono Boost), Zealot  
  96  6:01  Assimilator  
  96  6:03  Pylon  
  96  6:06  Assimilator  
  96  6:08  Pylon  
  96  6:10  Probe (Chrono Boost)  
  96  6:11  Probe (Chrono Boost), Phoenix  
  98  6:12  Protoss Ground Weapons Level 1  
  100  6:23  Probe (Chrono Boost)  
  100  6:24  Probe x2 (Chrono Boost)  
  103  6:33  Charge (Chrono Boost), Probe (Chrono Boost)  
  103  6:35  Zealot x2  
  103  6:36  Zealot x4  
  103  6:39  Warp Prism  
  118  6:41  Probe  
  118  6:42  Probe  
  120  7:01  Gateway x2  
  120  7:03  Templar Archives  
  120  7:04  Gateway, Zealot x2  
  120  7:07  Pylon x2  
  124  7:09  Pylon  
  124  7:11  Pylon  
  124  7:13  Pylon  
  124  7:15  Phoenix  
  124  7:25  Immortal (Chrono Boost)  
  128  7:35  Zealot x6  
  140  7:40  Phoenix  
  140  7:42  Robotics Facility  
  140  7:44  Pylon  
  142  7:51  Protoss Ground Armor Level 1  
  144  8:06  High Templar x2, Immortal (Chrono Boost)  
  144  8:07  Zealot x6  
  144  8:08  Zealot  
  144  8:12  Archon  
  162  8:26  Psionic Storm  
  162  8:33  Immortal (Chrono Boost)  
  166  8:37  Zealot  
  166  8:38  Zealot x2  
  172  8:58  Pylon  
  172  9:00  Pylon  
  172  9:03  Pylon  
  172  9:05  Pylon  
  172  9:09  Resonating Glaives  
  172  9:10  Pylon  
  172  9:13  Pylon  
  180  9:17  Immortal x2 (Chrono Boost)  
  180  9:30  High Templar x3  
  186  9:31  Zealot x2  
  186  9:32  Zealot x3  
  186  9:34  High Templar, Archon  
  186  9:38  Archon  
  198  9:41  Nexus  
  198  9:43  Pylon  
  198  9:45  Pylon  
  198  9:47  Pylon  
  187  10:36  Observer x2 (Chrono Boost)  
  187  10:37  High Templar x4  
  187  10:38  Zealot x2  
  200  10:48  Archon x2  
  168  10:51  Zealot x3  
  168  11:05  Immortal x2 (Chrono Boost)  
  168  11:06  Protoss Ground Weapons Level 2  
  168  11:10  High Templar  
  168  11:11  Zealot x2, High Templar  
  180  11:12  Zealot x4  
  192  11:44  Phoenix  
  194  11:50  Nexus  
  194  11:51  Pylon  
  194  11:52  Pylon  
  194  11:54  Pylon  
  194  11:58  Assimilator  
  190  12:03  Assimilator  
  190  12:07  Zealot x5, Pylon  
  190  12:08  Zealot x4  
  162  12:11  Pylon  
  162  12:14  Pylon  
  112  12:32  High Templar x3  
  112  12:33  High Templar x3  
  112  12:34  Zealot x3  
  127  12:37  Archon x2  
  127  12:38  Archon  
  127  12:42  Immortal (Chrono Boost)  
  131  12:58  Zealot x3  
  137  13:06  Zealot x6  
  119  13:19  Zealot x3  
Tags
 
Add a new tag
Caveats
  • Supply blocks, unpowered buildings, or Contaminate may cause inaccurate times.
  • Supply counts are checked every 10 seconds.